 Dungeon Crawl Stone Soup version 0.29.1-12-g30fa7ad0bf (webtiles) character file.

Game seed: 10828354472906413303

18111 Descartes the Placeless Ant (level 12, -10/97 HPs)
             Began as a Formicid Fighter on Jan 18, 2023.
             Was an Initiate of Gozag.
             Killed from afar by an electric eel (12 damage)
             ... with a bolt of electricity
             ... on level 12 of the Dungeon.
             The game lasted 00:33:04 (15698 turns).

Descartes the Placeless Ant (Formicid Fighter)     Turns: 15698, Time: 00:33:06

Health: -10/97     AC: 26    Str: 24    XL:     12   Next: 91%
Magic:  12/12      EV:  6    Int: 10    God:    Gozag
Gold:   1348       SH: 11    Dex: 13    Spells: 6/11 levels left

rFire   + . .      SeeInvis +   I - +2 battleaxe (freeze)
rCold   . . .      Faith    .   F - +0 kite shield
rNeg    . . .      Spirit   .   L - +1 plate armour {rF+}
rPois   .          Reflect  .   (helmet unavailable)
rElec   .          Harm     .   (no cloak)
rCorr   .          Rampage  .   C - +2 pair of gloves
Will    +....                   (no boots)
Stlth   ..........              M - amulet of regeneration
HPRegen 1.06/turn               k - +4 ring of protection
MPRegen 0.13/turn               H - +4 ring of protection

@: gold aura
A: permanent stasis, dig shafts and tunnels, antennae 3, four strong arms
a: Dig, Shaft Self, Renounce Religion, Potion Petition, Call Merchant, Bribe
Branch


You were on level 12 of the Dungeon.
You worshipped Gozag.
Gozag was most pleased with you.
You visited 2 branches of the dungeon, and saw 13 of its levels.

You collected 2823 gold pieces.
You spent 1456 gold pieces at shops.
You paid 19 gold pieces to Gozag.

Inventory:

Hand Weapons
 t - a +1 whip of flaming
 I - a +2 battleaxe of freezing (weapon)
 K - a +2 whip of freezing
 O - a +2 long sword of flaming
 X - a +2 whip of electrocution
 Y - a +5 trident of venom
Missiles
 o - 13 poisoned darts
 y - 12 throwing nets
 z - 16 boomerangs
Armour
 C - a +2 pair of gloves (worn)
 F - a +0 kite shield (worn)
 L - a +1 plate armour of fire resistance (worn)
 P - +0 acid dragon scales
Jewellery
 i - a ring of wizardry
 k - a +4 ring of protection (left hand)
 p - a +6 ring of strength
 v - a ring of protection from cold
 H - a +4 ring of protection (right hand)
 M - an amulet of regeneration (around neck)
 W - a +4 ring of evasion
Wands
 A - a wand of flame (24)
 G - a wand of charming (7)
 N - a wand of light (9)
 Q - a wand of mindburst (8)
Scrolls
 c - 3 scrolls of poison {unknown}
 j - 4 scrolls of noise {unknown}
 n - 3 scrolls of fog
 q - 2 scrolls of summoning {unknown}
 r - 3 scrolls of silence
 s - 3 scrolls of magic mapping
 u - a scroll of fear {unknown}
 w - a scroll of enchant armour {unknown}
 x - 3 scrolls of amnesia
 J - 2 scrolls of torment {unknown}
 R - 3 scrolls of identify
 T - a scroll of vulnerability {unknown}
 U - a scroll of immolation {unknown}
Potions
 a - 3 potions of brilliance {unknown}
 b - a potion of mutation
 d - 2 potions of might
 e - 3 potions of haste {unknown}
 f - 2 potions of resistance
 g - 4 potions of heal wounds
 h - 11 potions of curing
 l - 3 potions of cancellation
 m - 5 potions of lignification
 B - 4 potions of flight
 D - a potion of attraction
 E - 2 potions of invisibility
 V - a potion of ambrosia {unknown}
 Z - a potion of berserk rage {unknown}
Miscellaneous
 S - a piece from Xom's chessboard (15/15)


   Skills:
 - Level 10.0 Fighting
 - Level 8.6(10.1) Axes
 - Level 8.3(10.0) Maces & Flails
 - Level 10.0 Armour
 - Level 10.0 Shields
 + Level 11.9 Translocations


You had 6 spell levels left.
You knew the following spells:

 Your Spells              Type           Power      Damage    Failure   Level
a - Manifold Assault      Tloc           23%        N/A       86%         5

Your spell library contained the following spells:

 Spells                   Type           Power      Damage    Failure   Level
 Apportation              Tloc           46%        N/A       6%          1
 Lesser Beckoning         Tloc           23%        N/A       19%         3
 Necrotise                Necr           0%         1d4       100%        1
 Shock                    Conj/Air       0%         1d3       100%        1
 Summon Small Mammal      Summ           0%         N/A       100%        1
 Poisonous Vapours        Pois/Air       0%         N/A       100%        2
 Ignite Poison            Fire/Tmut/Pois 0%         N/A       100%        3
 Mephitic Cloud           Conj/Pois/Air  0%         N/A       100%        3
 Stone Arrow              Conj/Erth      0%         3d7       100%        3
 Airstrike                Air            0%         2d(0-16)  100%        4
 Animate Armour           Summ/Erth      0%         N/A       100%        4
 Freezing Cloud           Conj/Ice/Air   0%         6-21      100%        5
 Lehudib's Crystal Spear  Conj/Erth      0%         10d2      100%        8
 Blink                    Tloc           Unusable   N/A       N/A         2
 Swiftness                Air            Unusable   N/A       N/A         3
 Corpse Rot               Necr/Pois/Air  Unusable   N/A       N/A         4

Dungeon Overview and Level Annotations

Branches:
Dungeon (12/15)            Temple (1/1) D:4            Lair (0/5) D:11
    Orc (0/2) D:10

Altars:
Ashenzari
Cheibriados
Dithmenos
Elyvilon
Fedhas
Gozag
Hepliaklqana
Kikubaaqudgha
Makhleb
Nemelex Xobeh
Okawaru
Qazlal
Ru
Sif Muna
Trog
Uskayaw
Vehumet
Wu Jian
Xom
Yredelemnul
Zin
The Shining One

Shops:
D:1 *:*   D:2 [   D:6 =   D:11 *


Innate Abilities, Weirdness & Mutations

You cannot be hasted, slowed, berserked, paralysed or teleported.
You can dig through walls and to a lower floor.
You have a pair of large antennae on your head. (SInv)
Your four strong arms can wield two-handed weapons with a shield.


Message History

The electric eel shoots out a bolt of lightning at you!
The bolt of electricity hits you!
You hit the electric eel. You freeze the electric eel.
The electric eel is moderately wounded.
The electric eel shoots out a bolt of lightning at you!
The bolt of electricity misses the electric eel.
The bolt of electricity hits you.
The electric eel shoots out a bolt of lightning at you!
The bolt of electricity hits you.
The electric eel shoots out a bolt of lightning at you!
The bolt of electricity hits you.
You are too injured to fight recklessly!
The electric eel is no longer distracted by gold.
The electric eel shoots out a bolt of lightning at you!
The bolt of electricity hits the electric eel.
The electric eel completely resists.
The bolt of electricity misses you.
The electric eel shoots out a bolt of lightning at you!
The bolt of electricity hits you!
A two-headed ogre comes into view. It is wielding two +0 giant clubs.
The electric eel shoots out a bolt of lightning at you!
The bolt of electricity hits you but does no damage.
The electric eel shoots out a bolt of lightning at you!
The bolt of electricity hits you.
The electric eel shoots out a bolt of lightning at you!
The bolt of electricity hits you!
A water elemental comes into view.
The electric eel shoots out a bolt of lightning at you!
The bolt of electricity hits the electric eel.
The electric eel completely resists.
The bolt of electricity hits you!
* * * LOW HITPOINT WARNING * * *
The electric eel shoots out a bolt of lightning at you!
The bolt of electricity hits you!
* * * LOW HITPOINT WARNING * * *
The electric eel shoots out a bolt of lightning at you!
The bolt of electricity hits you.
* * * LOW HITPOINT WARNING * * *
The electric eel shoots out a bolt of lightning at you!
The bolt of electricity hits you!
You die...
Your body crumbles into a pile of gold.

..........≈≈≈E≈≈≈≈≈≈≈≈≈ #
.........~~~≈≈≈≈≈≈≈≈≈≈~ #
...........~~≈≈≈≈≈≈≈≈~. #
.............~S≈SE≈≈≈#
...............SS≈~~#
..................#
..................#
..................#
...........$....@.#
..................#
..................#
..................# #
..................####.
##.....................###
.#................##.....####
.#................#.........#
.#####.############.........##


You could see a water elemental and 4 electric eels.

Vanquished Creatures
  Snorg (D:12)
  2 boulder beetles
  3 two-headed ogres
  Pikel (D:7)
  A manticore (D:11)
  A cyclops (D:12)
  An ugly thing (D:12)
  A molten gargoyle (D:12)
  Maggie (D:8)
  A gargoyle (D:12)
  Psyche (D:11)
  2 komodo dragons
  3 trolls (D:12)
  A hornet (D:9)
  A vampire (D:10)
  2 shadows
  A water elemental (D:12)
  31 yaks
  A steam dragon (D:9)
  2 vampire mosquitoes (D:12)
  A two-headed ogre zombie (D:10)
  3 water moccasins
  An acid dragon (D:10)
  3 ice beasts
  3 sky beasts
  4 black bears
  3 orc warriors
  4 centaurs
  2 ogres
  4 phantoms
  2 lemures
  3 bullfrogs
  2 kobold brigands
  3 scorpions
  3 necrophages
  3 gnoll sergeants
  3 wights (D:6)
  3 killer bees (D:8)
  3 troll zombies (D:10)
  2 electric eels (D:8)
  6 howler monkeys
  A jelly (D:5)
  5 hounds
  2 orc priests (D:8)
  3 gnoll boudas (D:6)
  4 iguanas
  3 orc wizards
  4 ogre zombies (D:10)
  18 gnolls
  13 adders
  A shadow imp (D:7)
  A white imp (D:6)
  An ufetubus (D:5)
  A worm (D:2)
  A dart slug (D:3)
  37 orcs
  8 ball pythons
  3 endoplasms
  3 giant cockroaches
  7 hobgoblins
  A jackal (D:6)
  4 quokkas
  4 bats
  3 frilled lizards
  9 goblins
  2 goblin skeletons (D:10)
  2 goblin zombies (D:10)
  A hobgoblin skeleton (D:10)
  5 hobgoblin zombies (D:10)
  10 kobolds
  2 orc skeletons (D:10)
  13 orc zombies (D:10)
  5 rats
  A spectral goblin (D:1)
297 creatures vanquished.

Vanquished Creatures (others)
  16 fungi (D:11)
  18 plants (D:11)
34 creatures vanquished.

Grand Total: 331 creatures vanquished

Notes
Turn   | Place    | Note
-------+----------+-------------------------------------------
     0 | D:1      | Descartes the Formicid Fighter began the quest for the Orb.
     0 | D:1      | Reached XP level 1. HP: 18/18 MP: 1/1
   139 | D:1      | Found Nocaeph's General Store.
   173 | D:1      | Found Dumeuw's Distillery.
   186 | D:1      | Reached XP level 2. HP: 18/24 MP: 2/2
   556 | D:1      | Found Vushreopt's Book Emporium.
   627 | D:1      | Found a faded altar of an unknown god.
   662 | D:1      | Found Ridyblao's Assorted Antiques.
   675 | D:1      | Reached XP level 3. HP: 21/29 MP: 3/3
  1288 | D:2      | Found Zyhuaf's Armour Emporium.
  1311 | D:2      | Reached XP level 4. HP: 37/37 MP: 4/4
  1347 | D:2      | Found an opulent altar of Gozag.
  1361 | D:2      | Became a worshipper of Gozag Ym Sagoz the Greedy
  1982 | D:1      | Bought a scroll labelled FOLYAMEE KOOP for 23 gold pieces
  1982 | D:1      | Bought a scroll labelled MAYCKE BOSOIL for 23 gold pieces
  2006 | D:1      | Bought a scroll of identify for 22 gold pieces
  2006 | D:1      | Bought a scroll of identify for 22 gold pieces
  2139 | D:3      | Found a sparkling altar of Nemelex Xobeh.
  2247 | D:3      | Noticed a sky beast
  2257 | D:3      | Killed a sky beast
  2258 | D:3      | Reached skill level 5 in Shields
  2258 | D:3      | Reached XP level 5. HP: 43/43 MP: 5/5
  2563 | D:3      | Reached XP level 6. HP: 49/49 MP: 6/6
  2870 | D:4      | Noticed an ogre
  3018 | D:4      | Found an ornate altar of the Wu Jian Council.
  3057 | D:3      | Killed an ogre
  3072 | D:4      | Noticed a black bear
  3080 | D:4      | Reached skill level 1 in Maces & Flails
  3080 | D:4      | Reached XP level 7. HP: 20/55 MP: 7/7
  3082 | D:4      | Reached skill level 5 in Fighting
  3082 | D:4      | Reached skill level 5 in Armour
  3328 | D:4      | Identified the +0 short sword of Articulation {vorpal,
                  | Int+2}
  3356 | D:4      | Found a sacrificial altar of Ru.
  3405 | D:4      | Found a staircase to the Ecumenical Temple.
  3414 | Temple   | Entered the Ecumenical Temple
  3989 | D:5      | Entered Level 5 of the Dungeon
  4794 | D:5      | Reached XP level 8. HP: 62/62 MP: 8/8
  6250 | D:1      | Bought a scroll of magic mapping for 82 gold pieces
  6273 | D:1      | Bought a potion of lignification for 36 gold pieces
  6273 | D:1      | Bought a potion of mutation for 96 gold pieces
  6273 | D:1      | Bought a potion of might for 48 gold pieces
  6273 | D:1      | Bought a potion of attraction for 36 gold pieces
  6273 | D:1      | Bought a potion of curing for 36 gold pieces
  6273 | D:1      | Bought a potion of curing for 36 gold pieces
  6273 | D:1      | Bought a potion of curing for 36 gold pieces
  6486 | D:6      | Found a radiant altar of Vehumet.
  6573 | D:6      | Reached skill level 5 in Axes
  6800 | D:6      | Reached XP level 9. HP: 56/69 MP: 9/9
  7128 | D:6      | Found Fuphuoc's Jewellery Boutique.
  7945 | D:7      | Found a blossoming altar of Fedhas.
  8273 | D:7      | Noticed Pikel
  8722 | D:7      | Killed Pikel
  8723 | D:7      | Reached XP level 10. HP: 55/79 MP: 10/10
  8845 | D:7      | Reached skill level 5 in Maces & Flails
 10015 | D:8      | Reached skill level 10 in Shields
 10645 | D:8      | Noticed Maggie
 10652 | D:8      | Killed Maggie
 10653 | D:8      | Reached XP level 11. HP: 71/87 MP: 11/11
 11103 | D:1      | Bought a manual of Translocations for 960 gold pieces
 11590 | D:9      | Found a bloodstained altar of Trog.
 11626 | D:9      | Noticed a two-headed ogre
 11638 | D:9      | Reached skill level 1 in Translocations
 11641 | D:9      | Killed a two-headed ogre
 11642 | D:9      | Reached skill level 2 in Translocations
 12412 | D:10     | Entered Level 10 of the Dungeon
 12481 | D:10     | Reached skill level 3 in Translocations
 12533 | D:10     | Found a staircase to the Orcish Mines.
 13418 | D:10     | Reached skill level 4 in Translocations
 13877 | D:10     | Found an opulent altar of Gozag.
 13878 | D:10     | Found an ancient bone altar of Kikubaaqudgha.
 13986 | D:10     | Found a glowing golden altar of the Shining One.
 14150 | D:11     | Noticed a manticore
 14203 | D:11     | Killed a manticore
 14357 | D:11     | Found Maizimel's Blasphemy Boutique.
 14376 | D:11     | Noticed a two-headed ogre
 14385 | D:11     | Killed a two-headed ogre
 14386 | D:11     | Reached skill level 5 in Translocations
 14386 | D:11     | Reached XP level 12. HP: 54/97 MP: 12/12
 14398 | D:11     | Learned a level 5 spell: Manifold Assault
 14434 | D:11     | Found a staircase to the Lair.
 14475 | D:10     | Reached skill level 10 in Fighting
 14475 | D:10     | Reached skill level 10 in Armour
 14616 | D:11     | Noticed a boulder beetle
 14653 | D:11     | Killed a boulder beetle
 14654 | D:11     | Reached skill level 6 in Translocations
 14684 | D:11     | Noticed a two-headed ogre
 14695 | D:11     | Killed a two-headed ogre
 14696 | D:11     | Reached skill level 7 in Translocations
 14804 | D:11     | Reached skill level 8 in Translocations
 15127 | D:12     | Noticed Psyche
 15181 | D:11     | Killed Psyche
 15182 | D:11     | Reached skill level 9 in Translocations
 15225 | D:12     | Noticed a boulder beetle
 15247 | D:12     | Killed a boulder beetle
 15259 | D:12     | Noticed Snorg
 15268 | D:12     | Killed Snorg
 15269 | D:12     | Reached skill level 10 in Translocations
 15469 | D:12     | Reached skill level 11 in Translocations
 15696 | D:12     | Noticed a two-headed ogre
 15698 | D:12     | HP: 2/97 [electric eel/bolt of electricity (5)]
 15698 | D:12     | Killed from afar by an electric eel

Illustrated notes

Levels and vault maps discovered:
D:1:      dpeg_arrival_pond, layout_loops_ring, serial_shops,
          nicolae_shop_stone, nicolae_shop_hallway_stairs, shop,
          nicolae_shop_hallway_stairs,
          dreamdust_ecumenical_altar_drowned_temple, roderic_lattice_a
D:2:      kennysheep_big_flooded_room, layout_loops_ring, serial_shops, shop,
          basic_altar
D:3:      layout_loops_ring, nemelex_xobeh_ov_fountains_minmay
D:4:      layout_basic, mainiacjoe_overflow_boulevard,
          mainiacjoe_overflow_brackets, minmay_temple_entry_wispy
D:5:      minmay_inner_zag, layout_loops_corners
D:6:      layout_cave_pools, vehumet_crystals, serial_gnoll_camp,
          gnoll_camp_mini_shop, gnoll_camp_mini_hut, gnoll_camp_mini_loothouse,
          gnoll_camp_medium_01, gnoll_camp_mini_hut, gnoll_camp_mini_hut,
          due_unseen_surprise
D:7:      layout_basic, mainiacjoe_overflow_small_starburst, uniq_pikel
D:8:      argonaut_augean_stables, layout_basic, hangedman_decor_push,
          uniq_maggie
D:9:      layout_grid_maze, trog_ov_bears_minmay
D:10:     layout_basic, lemuel_tele_altar, mainiacjoe_overflow_divided_tiny,
          zombieorc2_lemuel
D:11:     layout_cave_pools, due_lair_maze_entry_diamond, nicolae_evil_shop
D:12:     layout_basic, hangedman_abyss_or_decor_clamps, nicolae_lava_and_water,
          uniq_psyche, uniq_snorg
Temple:   nicolae_temple_bog_church

Skill      XL: |  1  2  3  4  5  6  7  8  9 10 11 12 |
---------------+-------------------------------------+-----
Armour         | 4 5 6 7 8 9 10 | 10.0
Fighting       | 4 5 6 7 8 9 10 | 10.0
Axes           | 3 4 5 6 7 8 |  8.6
Shields        | 5 6 7 8 10 | 10.0
Maces & Flails | 1 2 3 4 6 7 8 |  8.3
Translocations | 5 11 | 11.9

Action                   |  1- 3 |  4- 6 |  7- 9 | 10-12 || total
-------------------------+-------+-------+-------+-------++-------
Melee: War axe           |    80 |   103 |       |       ||   183
       Whip              |       |    13 |   472 |   216 ||   701
       Battleaxe         |       |       |    13 |   370 ||   383
 Abil: Dig               |       |       |     3 |     2 ||     5
  Use: Potion            |       |     1 |     1 |     5 ||     7
       Scroll            |       |       |    10 |       ||    10
 Stab: Distracted        |       |     1 |       |     2 ||     3
Armor: Scale mail        |    23 |    44 |     6 |       ||    73
       Chain mail        |       |       |   183 |       ||   183
       Plate armour      |       |       |     1 |   365 ||   366
Dodge: Dodged            |    33 |    46 |   121 |   152 ||   352
Block: Buckler           |    25 |    36 |    81 |       ||   142
       Kite shield       |       |       |    61 |   347 ||   408
